 Dungeon Crawl Stone Soup version 0.27-a0-906-g0a00ce863d (webtiles) character file.

Game seed: 10502206257591465700

125780 rageheart7 the Fighter (level 16, -5/169 HPs)
             Began as an Ogre Earth Elementalist on Apr 6, 2021.
             Was an Elder of Sif Muna.
             Killed from afar by a deep elf knight (43 damage)
             ... with a shard of ice
             ... on level 1 of the Elven Halls.
             The game lasted 01:31:55 (40695 turns).

rageheart7 the Fighter (Ogre Earth Elementalist)   Turns: 40695, Time: 01:31:56

Health: -5/169     AC: 14    Str: 24    XL:     16   Next: 96%
Magic:  17/32      EV: 14    Int: 24    God:    Sif Muna [****..]
Gold:   3000       SH:  0    Dex: 15    Spells: 1/39 levels left

rFire    + + .     SeeInvis .   o - staff of fire
rCold    . . .     Faith    .   (no shield)
rNeg     + . .     Spirit   .   B - +0 troll leather armour
rPois    +         Reflect  .   q - +2 hat
rElec    +         Harm     .   b - +2 cloak {rPois}
rCorr    .         Rampage  .   (gloves unavailable)
Will     +++..                  (boots unavailable)
Stlth    ++........             d - amulet of Irchelef {Acrobat rF+}
HPRegen  2.38/turn              s - ring of the Mage {Wiz Will++ Int+3}
MPRegen  0.23/turn              a - ring "Yrepnoud" {*Corrode rElec rN+ Str+8 Dex+6}

@: channeling
A: large, unfitting armour, tough skin 1, iridescent scales 1, poison
resistance, regeneration 1, wild magic 1
a: Renounce Religion, Channel Magic, Forget Spell, Divine Exegesis


You were on level 1 of the Elven Halls.
You worshipped Sif Muna.
Sif Muna was greatly pleased with you.
You visited 5 branches of the dungeon, and saw 24 of its levels.
You also visited: Bailey and Gauntlet.

You collected 3000 gold pieces.

Inventory:

Hand Weapons
 E - the +9 mace of the Egg {vorpal, rElec rC- rN+++ Str-2}
   (You took it off a minotaur in a Gauntlet)

   It inflicts extra damage upon your enemies.
   It affects your strength (-2).
   It makes you vulnerable to cold.
   It insulates you from electricity.
   It renders you almost immune to negative energy.
 N - the +7 quarterstaff "Tymnywot" {antimagic, rC++ Int-5 Dex+5}
   (You found it on level 6 of the Lair of Beasts)

   It reduces the magical energy of the wielder, and disrupts the spells and
   magical abilities of those hit.
   Natural abilities and divine invocations are not affected.
   It affects your intelligence (-5).
   It affects your dexterity (+5).
   It greatly protects you from cold.
Missiles
 n - 295 stones
Armour
 b - a +2 cloak of poison resistance (worn)
 q - a +2 hat (worn)
 B - a +0 troll leather armour (worn)
 H - the +2 cloak of Amorality {rElec rPois Int-2}
   (You found it in a Gauntlet)

   It affects your intelligence (-2).
   It insulates you from electricity.
   It protects you from poison.
Magical Staves
 o - a staff of fire (weapon)
Jewellery
 a - the ring "Yrepnoud" (right hand) {*Corrode rElec rN+ Str+8 Dex+6}
   (You acquired it on level 8 of the Dungeon)

   [ring of dexterity]

   It affects your strength (+8).
   It affects your dexterity (+6).
   It insulates you from electricity.
   It protects you from negative energy.
   It may corrode you when you take damage.
 c - a ring of magical power
 d - the amulet of Irchelef (around neck) {Acrobat rF+}
   (You took it off a minotaur in a Gauntlet)

   [amulet of the acrobat]

   It increases your evasion while moving and waiting.
   It protects you from fire.
 s - the ring of the Mage (left hand) {Wiz Will++ Int+3}
   (You found it in a Gauntlet)

   [ring of wizardry]

   It improves your spell success rate.
   It affects your intelligence (+3).
   It greatly increases your willpower.
 v - an amulet of regeneration
 y - a ring of protection from fire
 K - a +6 ring of intelligence
Wands
 e - a wand of mindburst (29)
 i - a wand of iceblast (14)
 j - a wand of paralysis (18)
 G - a wand of digging (8)
Scrolls
 f - 2 scrolls of amnesia
 h - 6 scrolls of vulnerability
 l - 5 scrolls of teleportation
 u - 2 scrolls of holy word
 x - a scroll of magic mapping
 A - 6 scrolls of identify
Potions
 k - 6 potions of curing
 m - 2 potions of flight
 p - 3 potions of brilliance
 w - 2 potions of ambrosia
 C - 2 potions of mutation
 D - 2 potions of resistance
 I - a potion of might
 M - a potion of magic
Miscellaneous
 z - a condenser vane
 F - a tin of tremorstones (2/2)


   Skills:
 - Level 13.0 Fighting
 - Level 10.0 Armour
 - Level 10.0 Dodging
 - Level 1.4 Stealth
 - Level 12.0 Spellcasting
 + Level 9.4 Conjurations
 - Level 0.8 Transmutations
 + Level 7.3 Fire Magic
 - Level 5.0 Ice Magic
 - Level 5.1 Air Magic
 - Level 10.0 Earth Magic
 - Level 5.2 Poison Magic
 * Level 10.8 Invocations


You had one spell level left.
You knew the following spells:

 Your Spells              Type           Power      Damage    Failure   Level
a - Sandblast             Erth           100%       2d20      1%          1
b - Stone Arrow           Conj/Erth      100%       3d13      1%          3
c - Starburst             Conj/Fire      41%        8x6d12    13%         6
d - Iron Shot             Conj/Erth      34%        9d7       9%          6
e - Ozocubu's Armour      Ice            49%        N/A       1%          3
f - Hailstorm             Conj/Ice       59%        3d13      1%          4
g - Fireball              Conj/Fire      41%        3d17      2%          5
h - Bolt of Magma         Conj/Fire/Erth 42%        4d18      2%          5
i - Iskenderun's Battles  Conj           67%        2d12      1%          5

Your spell library contained the following spells:

 Spells                   Type           Power      Damage    Failure   Level
 Foxfire                  Conj/Fire      100%       2x1d9     1%          1
 Freeze                   Ice            100%       1d11      1%          1
 Magic Dart               Conj           100%       1d8       1%          1
 Corona                   Hex            20%        N/A       3%          1
 Corpse Rot               Necr/Air       N/A        N/A       1%          2
 Ensorcelled Hibernation  Hex/Ice        68%        N/A       1%          2
 Passwall                 Tmut/Erth      42%        N/A       1%          2
 Searing Ray              Conj           100%       3d7       1%          2
 Conjure Flame            Conj/Fire      82%        6-21      1%          3
 Dazzling Flash           Conj/Hex       96%        N/A       1%          3
 Frozen Ramparts          Ice            98%        1d11      1%          3
 Mephitic Cloud           Conj/Pois/Air  56%        N/A       1%          3
 Sticky Flame             Conj/Fire      82%        2d9       1%          4
 Lee's Rapid Deconstruct  Erth           34%        3d18*     1%          5
 Inner Flame              Hex/Fire       58%        N/A       2%          3
 Spider Form              Tmut/Pois      18%        N/A       2%          3
 Petrify                  Tmut/Erth      51%        N/A       3%          4
 Blink                    Tloc           N/A        N/A       4%          2
 Call Imp                 Summ           18%        N/A       4%          2
 Slow                     Hex            18%        N/A       4%          2
 Fulminant Prism          Conj/Hex       24%        3d13      4%          4
 Iskenderun's Mystic Bla  Conj/Tloc      48%        2d11      4%          4
 Confusing Touch          Hex            18%        N/A       9%          3
 Gell's Gravitas          Tloc           9%         N/A       9%          3
 Tukima's Dance           Hex            18%        N/A       9%          3
 Vampiric Draining        Necr           9%         2d7       9%          3
 Summon Ice Beast         Ice/Summ       34%        N/A       10%         4
 Alistair's Intoxication  Tmut/Pois      24%        N/A       21%         5
 Metabolic Englaciation   Hex/Ice        17%        N/A       24%         5
 Yara's Violent Unravell  Hex/Tmut       10%        3d6       45%         5
 Lehudib's Crystal Spear  Conj/Erth      34%        10d9      93%         8
 Chain Lightning          Conj/Air       29%        N/A       99%         8
 Fire Storm               Conj/Fire      41%        8d10      100%        9


Dungeon Overview and Level Annotations

Branches:
Dungeon (14/15)            Temple (1/1) D:7            Lair (6/6) D:9
  Swamp (0/4) Lair:4       Spider (0/4) Lair:4        Slime (0/5) Lair:6
    Orc (2/2) D:10            Elf (1/3) Orc:2        Bailey (visited)
Gauntlet (visited)
 Vaults: D:13-14

Altars:
Ashenzari
Cheibriados
Dithmenos
Elyvilon
Fedhas
Gozag
Hepliaklqana
Kikubaaqudgha
Makhleb
Nemelex Xobeh
Okawaru
Qazlal
Ru
Sif Muna
Trog
Uskayaw
Vehumet
Wu Jian
Xom
Yredelemnul
Zin
The Shining One

Shops:
Orc:2 (*[=?

Portals:
Hell: Lair:6


Innate Abilities, Weirdness & Mutations

You are too large for most types of armour.
You have tough skin. (AC +1)
You are partially covered in iridescent scales. (AC +2)
Your system is resistant to poisons. (rPois)
Your natural rate of healing is unusually fast.
Your spells are a little harder to cast, but a little more powerful.


Message History

The shard of ice hits you!
Casting: Bolt of Magma (mildly dangerous; 2% risk of failure)
Confirm with . or Enter, or press ? or * to list all spells.
You can't see any susceptible monsters within range! (Use Z to cast anyway.)
Casting: Bolt of Magma (mildly dangerous; 2% risk of failure)
Confirm with . or Enter, or press ? or * to list all spells.
Aiming: Stone Arrow (safe; 1% risk of failure)
Press: ? - help, Shift-Dir - straight line The stone arrow hits something!
Sif Muna accepts your kill.
Reactivating autopickup.
You feel a bit more experienced.
Unknown command.
Something hits you but does no damage.
Deactivating autopickup; reactivate with Ctrl-A.
Something hits you but does no damage. Something hits you but does no damage.
Casting: Stone Arrow (safe; 1% risk of failure)
Confirm with . or Enter, or press ? or * to list all spells.
Aiming: Stone Arrow (safe; 1% risk of failure)
Press: ? - help, Shift-Dir - straight line The stone arrow hits something!!
Something hits you. Something hits you!
Casting: Stone Arrow (safe; 1% risk of failure)
Confirm with . or Enter, or press ? or * to list all spells.
Aiming: Stone Arrow (safe; 1% risk of failure)
Press: ? - help, Shift-Dir - straight line The stone arrow hits something!!
Something hits you.
Casting: Stone Arrow (safe; 1% risk of failure)
Confirm with . or Enter, or press ? or * to list all spells.
Aiming: Stone Arrow (safe; 1% risk of failure)
Press: ? - help, Shift-Dir - straight line The stone arrow hits something!
You hear some strange, mumbled words.
A shard of ice appears from out of thin air!
The shard of ice hits you!
* * * LOW HITPOINT WARNING * * *
You hear some strange, mumbled words.
A shard of ice appears from out of thin air!
The shard of ice hits you!!!
You die...

#+ #.# ##.#
##.## ##...#
##.##.#####
##.###.....#####
##@##
##.#......#
##{##
#+#+#'##.## ###
##.##
#.#.#.##.)#
#...##)##
############.#
#....'##
#..........(.#
#.⌠....#
#..)..)......#
+....)...
#...)...[....#
#.⌠....###
#.<)[........#
#....##'
#............#


There were no monsters in sight!

Vanquished Creatures
  Rupert (Lair:5)
  An orc warlord (Orc:2)
  Nessos (D:12)
  A minotaur (Gauntlet)
  Josephine (D:10)
  13 hydras
  3 boulder beetles
  An ogre mage (Orc:2)
  A death knight (D:13)
  3 centaur warriors
  A dancing weapon (Orc:2)
  11 two-headed ogres
  22 death yaks
  2 tengu warriors (D:13)
  An orc high priest (Orc:1)
  Urug (Lair:6)
  A deep elf knight (Elf:1)
  5 skeletal warriors (D:14)
  3 sixfirhies
  A swamp dragon (shapeshifter) (D:10)
  A deep elf archer (Elf:1)
  A wizard (Lair:6)
  6 orc knights
  6 deep elf zephyrmancers (Elf:1)
  A harpy (shapeshifter) (D:14)
  4 deep elf pyromancers
  4 orc sorcerers
  A wolf spider (D:10)
  4 ugly things
  A manticore (D:13)
  3 cyclopes
  2 oklob plants (Lair:3)
  5 black mambas
  Maurice (Orc:1)
  Joseph (D:7)
  16 elephants
  2 gargoyles
  An orange demon (Lair:6)
  A smoke demon (Lair:6)
  3 unseen horrors (D:12)
  19 cane toads
  6 rime drakes
  An efreet (D:10)
  Psyche (D:9)
  3 ice devils (Lair:6)
  A kobold demonologist (Bailey)
  15 komodo dragons
  2 red devils (Lair:6)
  2 tengu conjurers (D:13)
  4 trolls
  A hornet (D:9)
  A meliai (D:10)
  6 polar bears
  A tyrant leech (Lair:4)
  Prince Ribbit (D:5)
  16 blink frogs
  9 slime creatures
  7 dream sheep
  Sigmund (D:2)
  10 flying skulls (Gauntlet)
  8 wraiths
  4 shadows
  4 wyverns
  3 spriggans
  89 yaks
  A basilisk (Lair:3)
  2 steam dragons
  5 wargs
  An acid dragon (D:8)
  3 swamp worms (Lair:4)
  14 water moccasins
  3 hell hounds (Lair:6)
  3 ice beasts (D:5)
  47 orc warriors
  A sky beast (D:6)
  A hornet zombie (D:7)
  3 black bears
  11 wolves
  5 ogres
  6 centaurs
  Blork the orc (D:4)
  A kobold brigand (D:7)
  12 bullfrogs
  A wyvern zombie (D:8)
  3 scorpions
  A water moccasin skeleton (D:7)
  8 wights
  7 electric eels
  5 howler monkeys
  3 centaur zombies
  A lava snake (Lair:4)
  A crimson imp (D:8)
  3 hounds
  3 centaur skeletons
  A jelly (D:7)
  20 orc priests
  A gnoll shaman (D:5)
  3 iguanas
  2 hell rats (Lair:2)
  Natasha (twice) (D:2)
  19 orc wizards
  2 killer bee zombies
  A hound skeleton (D:5)
  A howler monkey zombie (D:10)
  Robin (D:4)
  18 gnolls
  7 adders
  7 river rats (Lair:2)
  2 shadow imps (D:7)
  A white imp (D:8)
  2 ufetubi
  An adder skeleton (D:4)
  A worm (D:3)
  2 dart slugs
  72 orcs
  7 ball pythons
  6 endoplasms
  3 giant cockroaches
  32 goblins
  12 hobgoblins
  4 quokkas
  5 bats
  2 frilled lizards
  9 kobolds
  3 rats
758 creatures vanquished.

Vanquished Creatures (others)
  2 demonic plants (Gauntlet)
  28 fungi
  82 plants
  5 toadstools (D:1)
117 creatures vanquished.

Grand Total: 875 creatures vanquished

Notes
Turn   | Place    | Note
-------+----------+-------------------------------------------
     0 | D:1      | rageheart7 the Ogre Earth Elementalist began the quest for
                  | the Orb.
     0 | D:1      | Reached XP level 1. HP: 16/16 MP: 3/3
   244 | D:1      | Found a faded altar of an unknown god.
   254 | D:1      | Reached skill level 1 in Fighting
   254 | D:1      | Reached XP level 2. HP: 27/27 MP: 1/5
  1079 | D:2      | Reached XP level 3. HP: 35/35 MP: 3/7
  1090 | D:1      | Reached skill level 2 in Fighting
  1180 | D:2      | Reached XP level 4. HP: 31/44 MP: 1/9
  1620 | D:2      | Learned a level 3 spell: Stone Arrow
  1624 | D:2      | Learned a level 3 spell: Mephitic Cloud
  1630 | D:2      | Noticed Natasha
  1634 | D:2      | Killed Natasha
  1850 | D:2      | Noticed Sigmund
  1860 | D:2      | Killed Sigmund
  1861 | D:2      | Reached skill level 3 in Fighting
  1861 | D:2      | Reached skill level 1 in Air Magic
  1861 | D:2      | Reached skill level 1 in Poison Magic
  1861 | D:2      | Reached XP level 5. HP: 35/54 MP: 2/11
  1861 | D:2      | Reached XP level 6. HP: 40/62 MP: 2/12
  2013 | D:2      | Noticed Natasha
  2017 | D:2      | Killed Natasha
  2018 | D:2      | Reached skill level 4 in Fighting
  2457 | D:3      | Found a hide-covered altar of Uskayaw.
  2567 | D:3      | You fall into a shaft and drop 2 floors!
  2567 | D:5      | Entered Level 5 of the Dungeon
  2576 | D:5      | Reached XP level 7. HP: 42/71 MP: 5/14
  2580 | D:5      | HP: 2/71 [gnoll/+0 spear (7)]
  2897 | D:4      | Noticed Blork the orc
  2913 | D:4      | Killed Blork the orc
  2914 | D:4      | Reached skill level 5 in Fighting
  3076 | D:4      | Reached skill level 5 in Spellcasting
  3136 | D:4      | Found a bloodstained altar of Trog.
  3431 | D:4      | Noticed Robin
  3506 | D:4      | Killed Robin
  3804 | D:4      | HP: 3/72 [hobgoblin (5)]
  4640 | D:5      | Reached skill level 5 in Earth Magic
  4640 | D:5      | Reached XP level 8. HP: 79/83 MP: 3/16
  4750 | D:5      | Gained mutation: Your spells are a little harder to cast,
                  | but a little more powerful. [potion of mutation]
  4750 | D:5      | Gained mutation: Your natural rate of healing is unusually
                  | fast. [potion of mutation]
  4750 | D:5      | Gained mutation: You are partially covered in iridescent
                  | scales. (AC +2) [potion of mutation]
  4750 | D:5      | Gained mutation: Your system is resistant to poisons.
                  | (rPois) [potion of mutation]
  4790 | D:5      | Found a transporter.
  4877 | D:5      | Reached skill level 6 in Fighting
  4957 | D:5      | Noticed Prince Ribbit
  5407 | D:5      | Found a transporter.
  5710 | D:5      | Killed Prince Ribbit
  5880 | D:5      | Reached skill level 7 in Fighting
  6009 | D:6      | Reached XP level 9. HP: 74/93 MP: 8/18
  6160 | D:6      | Noticed a two-headed ogre
  7550 | D:6      | Reached skill level 8 in Fighting
  8140 | D:7      | Noticed Joseph
  8300 | D:6      | Killed a two-headed ogre
  8396 | D:7      | Killed Joseph
  8409 | D:7      | Reached XP level 10. HP: 97/104 MP: 2/22
  8556 | D:7      | Found a staircase to the Ecumenical Temple.
  8572 | Temple   | Entered the Ecumenical Temple
  9034 | Temple   | Became a worshipper of Sif Muna the Loreminder
  9450 | D:7      | Found a stormy altar of Qazlal.
  9727 | D:7      | Noticed a two-headed ogre
  9734 | D:7      | Killed a two-headed ogre
  9871 | D:7      | Found a basalt altar of Yredelemnul.
  9875 | D:7      | Found a glowing golden altar of the Shining One.
  9878 | D:7      | Noticed an angel
 10050 | D:8      | Found an opulent altar of Gozag.
 10482 | D:8      | Reached * piety under Sif Muna
 10572 | D:8      | Identified the +6 flail of Callousness {pain, *Slow Will+
                  | Str+2}
 10576 | D:8      | Reached skill level 5 in Poison Magic
 10729 | D:8      | Learned a level 5 spell: Lee's Rapid Deconstruction
 10825 | D:8      | Reached skill level 5 in Air Magic
 11428 | D:8      | Found a burning altar of Makhleb.
 11481 | D:8      | Found a shimmering altar of Xom.
 11537 | D:8      | Found a radiant altar of Vehumet.
 11565 | D:8      | Identified a scroll of acquirement
 11565 | D:8      | Acquired the ring "Yrepnoud" {*Corrode rElec rN+ Str+8
                  | Dex+6}
 11661 | D:9      | Reached skill level 10 in Spellcasting
 11731 | D:9      | Found a broken altar of Ashenzari.
 11760 | D:9      | Found a staircase to the Lair.
 11825 | D:9      | Found a flagged portal.
 11833 | Bailey   | Entered a bailey
 11974 | Bailey   | Found an iron altar of Okawaru.
 11974 | Bailey   | Noticed a kobold demonologist
 11974 | Bailey   | Noticed an orc sorcerer
 11975 | Bailey   | Noticed an orange demon
 11984 | Bailey   | Reached XP level 11. HP: 111/111 MP: 12/25
 11984 | Bailey   | Killed an orc sorcerer
 11984 | Bailey   | Reached ** piety under Sif Muna
 11985 | Bailey   | Reached skill level 1 in Armour
 11985 | Bailey   | Reached skill level 1 in Conjurations
 12450 | Bailey   | Noticed an orc knight
 12459 | Bailey   | Killed an orc knight
 12613 | Bailey   | Noticed an orc knight
 12621 | Bailey   | Killed an orc knight
 12621 | Bailey   | Reached *** piety under Sif Muna
 13480 | D:9      | Acquired a +2 hat
 13700 | D:9      | Noticed Psyche
 13703 | D:9      | Killed Psyche
 13902 | Lair:1   | Entered Level 1 of the Lair of Beasts
 13913 | D:10     | Entered Level 10 of the Dungeon
 14529 | D:10     | Reached **** piety under Sif Muna
 14625 | D:10     | Found a staircase to the Orcish Mines.
 14692 | D:10     | Noticed a two-headed ogre
 14694 | D:10     | Noticed a two-headed ogre
 14698 | D:10     | Killed a two-headed ogre
 14704 | D:10     | Killed a two-headed ogre
 14846 | D:10     | Learned a level 3 spell: Ozocubu's Armour
 14851 | D:10     | Learned a level 4 spell: Hailstorm
 14873 | D:10     | Noticed a two-headed ogre
 14877 | D:10     | Killed a two-headed ogre
 15097 | D:10     | Reached skill level 1 in Ice Magic
 15254 | D:10     | Noticed Josephine
 15257 | D:10     | Reached XP level 12. HP: 119/119 MP: 17/27
 15261 | D:10     | Killed Josephine
 15285 | D:10     | Reached skill level 10 in Earth Magic
 15950 | D:10     | Noticed a shock serpent
 15956 | D:10     | a shock serpent changed into a swamp dragon
 16429 | D:11     | Noticed a four-headed hydra
 16433 | D:11     | Killed a four-headed hydra
 16587 | D:11     | Noticed an eight-headed hydra
 16594 | D:11     | Killed an eight-headed hydra
 16983 | D:11     | Acquired a +2 cloak of poison resistance
 17286 | D:12     | Found a gate leading to a gauntlet.
 17295 | Gauntlet | Entered a Gauntlet
 17295 | Gauntlet | Found a transporter.
 17304 | Gauntlet | Found a transporter.
 17306 | Gauntlet | Found a transporter.
 17315 | Gauntlet | Found a transporter.
 17319 | Gauntlet | Found a transporter.
 17335 | Gauntlet | Found a transporter.
 17343 | Gauntlet | Found a transporter.
 17346 | Gauntlet | Found the ring of the Mage {Wiz Will++ Int+3}
 17353 | Gauntlet | Noticed a great orb of eyes
 17354 | Gauntlet | Found a transporter.
 17364 | Gauntlet | Found a transporter.
 17380 | Gauntlet | Found a transporter.
 17392 | Gauntlet | Found a transporter.
 17392 | Gauntlet | Found a transporter.
 17392 | Gauntlet | Noticed a death scarab
 17448 | Gauntlet | Found a transporter.
 17448 | Gauntlet | Found a transporter.
 17553 | Gauntlet | Reached skill level 5 in Dodging
 17849 | Gauntlet | Reached skill level 5 in Ice Magic
 17930 | Gauntlet | Identified the +9 mace of the Egg {vorpal, rElec rC- rN+++
                  | Str-2}
 17930 | Gauntlet | Identified the amulet of Irchelef {Acrobat rF+}
 17930 | Gauntlet | Noticed a minotaur
 17937 | Gauntlet | Killed a minotaur
 17938 | Gauntlet | Reached skill level 5 in Armour
 17938 | Gauntlet | Reached skill level 5 in Conjurations
 17938 | Gauntlet | Reached XP level 13. HP: 84/127 MP: 5/29
 17944 | Gauntlet | Identified the Volume of Cankerous Changing
 17944 | Gauntlet | Identified the +2 cloak of Amorality {rElec rPois Int-2}
 18310 | D:12     | Noticed Nessos
 18323 | D:12     | Killed Nessos
 19041 | D:12     | Reached ***** piety under Sif Muna
 21057 | Lair:1   | Learned a level 5 spell: Fireball
 21379 | Lair:1   | Reached skill level 1 in Fire Magic
 23336 | Lair:3   | Reached skill level 9 in Fighting
 23340 | Lair:3   | Reached XP level 14. HP: 127/140 MP: 4/30
 24365 | Lair:3   | Acquired 805 gold pieces
 24567 | Lair:4   | Found a hole to the Spider Nest.
 25730 | Lair:4   | Identified Sif Muna's Volume of Dark Conjuration (Sif Muna
                  | gifted it to you on level 4 of the Lair of Beasts)
 25730 | Lair:4   | Received a gift from Sif Muna
 25740 | Lair:4   | Learned a level 5 spell: Bolt of Magma
 25746 | Lair:4   | Learned a level 5 spell: Iskenderun's Battlesphere
 25956 | Lair:4   | Reached skill level 10 in Fighting
 26048 | Lair:4   | Found a staircase to the Swamp.
 26672 | Lair:4   | Reached skill level 1 in Invocations
 28027 | Lair:5   | Noticed Rupert
 28042 | Lair:5   | Killed Rupert
 28043 | Lair:5   | Reached skill level 5 in Fire Magic
 28043 | Lair:5   | Reached XP level 15. HP: 152/152 MP: 0/31
 28467 | Lair:5   | Reached skill level 11 in Fighting
 29223 | Lair:6   | Entered Level 6 of the Lair of Beasts
 29230 | Lair:6   | Reached skill level 5 in Invocations
 30225 | Lair:6   | Found a staircase to the Slime Pits.
 31498 | Lair:6   | Received a gift from Sif Muna
 31721 | Lair:6   | Noticed Urug
 31733 | Lair:6   | Killed Urug
 31734 | Lair:6   | Reached skill level 10 in Dodging
 32785 | Lair:6   | Reached skill level 12 in Fighting
 33564 | Lair:6   | Reached XP level 16. HP: 158/165 MP: 17/32
 33639 | Lair:6   | Identified the +7 quarterstaff "Tymnywot" {antimagic, rC++
                  | Int-5 Dex+5}
 33905 | Lair:6   | Found a burning altar of Makhleb.
 33989 | Lair:6   | Found a gateway to Hell.
 34760 | D:13     | Identified Viddyptus's Papyrus of Blistering Conjuration
                  | (Sif Muna gifted it to you on level 13 of the Dungeon)
 34760 | D:13     | Received a gift from Sif Muna
 35657 | D:13     | Found a sparkling altar of Nemelex Xobeh.
 35976 | D:14     | Identified the +5 long sword of Zaler {drain, *Noise rPois
                  | Str+4}
 36486 | Orc:1    | Entered Level 1 of the Orcish Mines
 36591 | D:10     | Learned a level 6 spell: Starburst
 36598 | D:10     | Learned a level 6 spell: Iron Shot
 36710 | Orc:1    | Noticed Maurice
 36715 | Orc:1    | Killed Maurice
 37143 | Orc:2    | Entered Level 2 of the Orcish Mines
 37145 | Orc:2    | Found a staircase to the Elven Halls.
 37907 | Orc:2    | Reached skill level 10 in Invocations
 38495 | Orc:2    | Reached skill level 13 in Fighting
 39474 | Orc:2    | Found Zorych's Antique Weapon Emporium.
 39557 | Orc:2    | Found Xangy's Jewellery Boutique.
 39557 | Orc:2    | Found Siutunt's Armour Shoppe.
 39559 | Orc:2    | Found Zeroege's Assorted Antiques.
 39561 | Orc:2    | Found Cauloag's Magic Scroll Shop.
 40225 | Orc:2    | Upgraded the game from 0.27-a0-899-ge2d0b17c59 to
                  | 0.27-a0-906-g0a00ce863d
 40240 | Elf:1    | Entered Level 1 of the Elven Halls
 40463 | Elf:1    | Reached skill level 10 in Armour
 40695 | Elf:1    | Killed from afar by a deep elf knight

Illustrated notes

Levels and vault maps discovered:
D:1:      ldierk_walled_garden, layout_rooms, serial_bayou, serial_bayou_pond_e,
          serial_bayou_lagoon_a, serial_bayou_pond_d, serial_bayou_pond_b,
          serial_bayou_ford_a, serial_bayou_crossing, basic_ecumenical_altar,
          minmay_crystal_room
D:2:      layout_loops_ring, uniq_sigmund, uniq_natasha
D:3:      layout_basic, amcnicky_altar_gilded
D:4:      layout_gridville, lemuel_round_altar, amcnicky_mini_corridor_feature,
          corner_web_ring, st_stairs_1, uniq_blork_the_orc, uniq_robin
D:5:      gammafunk_cloud_chamber, layout_loops_cross, uniq_prince_ribbit1
D:6:      layout_loops_ring
D:7:      layout_rooms, grunt_temple_overflow_holy_war,
          nicolae_qazlal_general_emergency, minmay_temple_entry_arrows,
          uniq_joseph
D:8:      layout_loops_ring, grunt_temple_overflow_champion_of_chaos,
          lemuel_crystal_altar, nicolae_gozag_seed_capital
D:9:      layout_long_grid, ashenzari_altar_1, lair_entry_dummy, enter_bailey_3,
          nicolae_two_hexagons, uniq_psyche
D:10:     cheibrodos_elevator_heist, layout_loops_cross, erik_orc_3,
          uniq_josephine
D:11:     layout_grid_maze
D:12:     layout_roguey, gauntlet_entry_generic, uniq_nessos
D:13:     layout_gridville, nemelex_lonely_heart_becter
D:14:     layout_basic, skrybe_vaults_entry_preservation,
          hangedman_decor_peaks_small
Temple:   minmay_temple_forest_path
Lair:1:   layout_cave_pods, st_stairs_3, beast_lair_carwin_6, grunt_megastairs_4
Lair:2:   layout_chaotic_city, kennysheep_rathole
Lair:3:   layout_roguey, infiniplex_staircase_pool_2, minmay_lair_oklob_chamber
Lair:4:   layout_gridlike, palyth_hydra_swamp_entry, spider_nest_entry_web_field
Lair:5:   layout_cave_shapes, serial_bayou, serial_bayou_pond_a,
          serial_bayou_pond_b, serial_bayou_pond_b, serial_bayou_pond_c,
          serial_bayou_shore_a, uniq_rupert
Lair:6:   evil_forest, layout_gridlike, slime_dummy, wad_woods_02, uniq_urug
Orc:1:    layout_diamond_mine, uniq_maurice
Orc:2:    st_orc_rangers, layout_caves, serial_shops,
          nicolae_shop_overgrown_old_shop
Elf:1:    minmay_elf_arrival_summoners, layout_geoelf_grid,
          hangedman_elf_represent, uniq_agnes

Skill      XL: |  1  2  3  4  5  6  7  8  9 10 11 12 13 14 15 16 |
---------------+-------------------------------------------------+-----
Fighting       | 1 2 3 4 5 7 8 9 10 12 13 | 13.0
Earth Magic    | 3 4 5 7 8 9 10 | 10.0
Spellcasting   | 3 4 5 6 8 10 11 12 | 12.0
Air Magic      | 1 2 4 5 |  5.1
Poison Magic   | 1 2 3 4 5 |  5.2
Dodging        | 2 3 5 8 9 10 | 10.0
Armour         | 2 5 7 8 9 10 | 10.0
Conjurations   | 3 5 7 8 9 |  9.4
Ice Magic      | 1 5 |  5.0
Fire Magic     | 2 5 7 |  7.3
Invocations    | 3 8 10 | 10.8
Stealth        | |  1.4
Transmutations | |  0.8

Action                   |  1- 3 |  4- 6 |  7- 9 | 10-12 | 13-15 | 16-18 || total
-------------------------+-------+-------+-------+-------+-------+-------++-------
Melee: Unarmed           |     4 |       |       |       |       |       ||     4
       Club              |     5 |       |       |       |       |       ||     5
       Staff             |       |    20 |    66 |    47 |    99 |    40 ||   272
       Flail             |       |     2 |       |       |       |       ||     2
 Cast: Sandblast         |    28 |    50 |    70 |    69 |    76 |     4 ||   297
       Stone Arrow       |       |       |   116 |   226 |   547 |   159 ||  1048
       Mephitic Cloud    |       |       |     4 |    10 |     1 |       ||    15
       Lee's Rapid Decon |       |       |       |    25 |       |       ||    25
       Ozocubu's Armour  |       |       |       |     4 |    11 |     1 ||    16
       Hailstorm         |       |       |       |     4 |    25 |     2 ||    31
       Bolt of Magma     |       |       |       |       |    55 |    70 ||   125
       Fireball          |       |       |       |       |    17 |    28 ||    45
       Iskenderun's Batt |       |       |       |       |     9 |     7 ||    16
       Iron Shot         |       |       |       |       |       |     7 ||     7
       Starburst         |       |       |       |       |       |     5 ||     5
Invok: Channel Magic     |       |       |       |     1 |     2 |     5 ||     8
       Forget Spell      |       |       |       |       |     1 |     1 ||     2
Evoke: Wand              |       |       |       |    23 |    11 |     7 ||    41
  Use: Potion            |       |       |    10 |     4 |     1 |     2 ||    17
       Scroll            |       |       |     9 |    10 |    10 |     1 ||    30
 Stab: Sleeping          |       |     1 |       |       |       |       ||     1
       Paralysed         |       |       |       |     1 |       |       ||     1
Armor: Robe              |     6 |    13 |    37 |       |       |       ||    56
       Steam dragon scal |       |       |       |    24 |       |       ||    24
       Troll leather arm |       |       |       |    11 |   198 |    54 ||   263
Dodge: Dodged            |     4 |    20 |    86 |    82 |   415 |   127 ||   734

Table legend: (Time is in decaauts)
 A = Elapsed time spent in this place.
 B = Non-inter-level travel time spent in this place.
 C = Inter-level travel time spent in this place.
 D = Time resting spent in this place.
 E = Time spent auto-exploring this place.
 F = Levels seen in this place.
 G = Mean time per level.
                   A        B        C        D        E       F      G
               +--------+--------+--------+--------+--------+-----+--------+
         Total |  40884 |  39392 |   1492 |    200 |  33565 |  26 | 1572.5 |
       Dungeon |  19263 |  18552 |    711 |     28 |  15924 |  14 | 1375.9 |
        Temple |    530 |    421 |    109 |      0 |    416 |   1 |  530.0 |
          Lair |  14899 |  14355 |    544 |     54 |  12384 |   6 | 2483.2 |
  Orcish Mines |   3947 |   3820 |    127 |      0 |   3217 |   2 | 1973.5 |
   Elven Halls |    152 |    152 |      0 |      0 |     86 |   1 |  152.0 |
        Bailey |   1287 |   1287 |      0 |      0 |    984 |   1 | 1287.0 |
      Gauntlet |    804 |    804 |      0 |    118 |    552 |   1 |  804.0 |
               +--------+--------+--------+--------+--------+-----+--------+

Top non-repeatable levels by time:
  Lair:5: 3762 daAuts
  Lair:6: 2785 daAuts
  Lair:4: 2593 daAuts
  Lair:3: 2431 daAuts
   Orc:2: 2312 daAuts
     D:5: 2094 daAuts
    D:10: 2004 daAuts
  Lair:1: 2003 daAuts
     D:4: 1873 daAuts
     D:6: 1758 daAuts
    D:13: 1730 daAuts
   Orc:1: 1635 daAuts
    D:12: 1565 daAuts
     D:8: 1558 daAuts
    D:11: 1349 daAuts
